 Dungeon Crawl Stone Soup version 0.29-a0-284-gf9362112df (webtiles) character file.

Game seed: 13058496202122048402

400 kingj the Magician (level 7, 0/45 HPs)
             Began as a Djinni Fire Elementalist on Mar 15, 2022.
             Slain by enile's ghost (9 damage)
             ... on level 4 of the Dungeon.
             The game lasted 00:11:24 (4425 turns).

kingj the Magician (Djinni Fire Elementalist)       Turns: 4425, Time: 00:11:26

Health: 0/45       AC:  5    Str:  7      XL:     7   Next: 10%
Gold:   126        EV: 11    Int: 18      God:
                   SH:  0    Dex: 10 (14)

rFire   + + .      SeeInvis .   (no weapon)
rCold   . . .      Faith    .   (no shield)
rNeg    . . .      Spirit   .   h - +1 leather armour of Negh {rC+}
rPois   ∞          Reflect  .   (no helmet)
rElec   .          Harm     .   (no cloak)
rCorr   .          Rampage  .   e - +0 pair of gloves
Will    .....                   (boots unavailable)
Stlth   ++........              (no amulet)
HPRegen 0.15/turn               (no ring)
MPRegen 0.00/turn               (no ring)

@: flying, slowed, very slow
A: sickness immunity, fire resistance 2, cold vulnerability 1, float, innate
caster, HP casting, extra vitality 1
a: no special abilities


You were on level 4 of the Dungeon.
You visited 1 branch of the dungeon, and saw 4 of its levels.

You collected 186 gold pieces.
You spent 60 gold pieces at shops.

Inventory:

Armour
 a - a +0 robe
 e - a +0 pair of gloves (worn)
 h - the +1 leather armour of Negh (worn) {rC+}
   (You found it on level 2 of the Dungeon)

   rC:        It protects you from cold.
Scrolls
 d - a scroll of teleportation
Potions
 b - a potion of invisibility {unknown}
 c - 3 potions of attraction
 f - a potion of degeneration {unknown}
 g - a potion of curing
 i - a potion of haste {unknown}
 j - a potion of heal wounds {unknown}
 k - a potion of lignification
 l - a potion of resistance {unknown}


   Skills:
 + Level 0.1 Fighting
 + Level 1.7 Armour
 + Level 3.0 Dodging
 + Level 2.2 Stealth
 + Level 5.1 Spellcasting


You couldn't memorise any spells.
You knew the following spells:

 Your Spells              Type           Power      Damage    Failure   Level
a - Foxfire               Conj/Fire      92%        2x1d8     2%          1
b - Scorch                Fire           46%        2d7       3%          2
c - Conjure Flame         Conj/Fire      23%        6-21      7%          3
d - Inner Flame           Hex/Fire       23%        N/A       7%          3
e - Flame Wave            Conj/Fire      23%        2d7       24%         4
f - Shock                 Conj/Air       92%        1d8       2%          1
g - Poisonous Vapours     Pois/Air       46%        N/A       3%          2
h - Spider Form           Tmut/Pois      23%        N/A       7%          3
Your spell library was empty.

Dungeon Overview and Level Annotations

Branches:
Dungeon (4/15)
 Temple: D:4-7

Altars:
Vehumet

Shops:
D:2 !   D:4 (

Annotations:
D:4 1 transporter, enile's ghost, novice DjFE


Innate Abilities, Weirdness & Mutations

You are immune to sickness and miasma.
You are immune to poison.
Your flesh is very heat resistant. (rF++)
You are vulnerable to cold. (rC-)
You float through the air rather than walking.
You learn spells naturally, not from books.
Your magical power is your life essence.
You have superior vitality. (+4 MHP)


Message History

Confirm with . or Enter, or press ? or * to list all spells.
There is not enough space to conjure foxfire!
Casting: Foxfire (safe; 2% risk of failure)
Confirm with . or Enter, or press ? or * to list all spells.
There is not enough space to conjure foxfire!
Casting: Foxfire (safe; 2% risk of failure)
Confirm with . or Enter, or press ? or * to list all spells.
There is not enough space to conjure foxfire!
Your foxfire dissipates!
The quasit attacks as you move away! The quasit bites you.
The quasit claws you but does no damage. x2
Enile's ghost points at you and mumbles some strange words.
You resist with some effort.
Casting: Foxfire (safe; 2% risk of failure)
Confirm with . or Enter, or press ? or * to list all spells.
You conjure some foxfire!
The quasit barely misses you.
The quasit closely misses you. x2; The foxfire hits the quasit.
The quasit resists.
The quasit is moderately wounded.
Enile's ghost hits you! The quasit barely misses you.
The quasit claws you but does no damage.
The quasit closely misses you. The quasit attacks as you move away!
The quasit closely misses you.
The quasit claws you but does no damage.
The quasit claws you.
You feel clumsy.
The foxfire hits the quasit.
The quasit resists.
The quasit is heavily wounded.
Enile's ghost wails, "Very impressive.
But it won't help.
Nothing will."
Enile's ghost attacks as you move away! Enile's ghost hits you.
* * * LOW HITPOINT WARNING * * *
x2 Enile's ghost gestures at you while chanting.
You feel yourself slow down. The quasit attacks as you move away!
The quasit closely misses you. The quasit claws you.
* * * LOW HITPOINT WARNING * * *
You feel clumsy. The quasit completely misses you.
Enile's ghost attacks as you move away! Enile's ghost hits you!
You die...

....#
#....'....+.......∩...>#
....#
######....####...#.#..##
.#.## #....# #..#)..#.#
.#.# #....#####.......#
.#.#
####.......#####....
.#.# #
........'......... .# ..
####©###..#####.....
#####..###©##..# ...
#....#.5@...##.# ...
##...#..W#....#.#
#......#55##..#.##
..##..©..#...#..#
#.....#.....#.##.#
##.##..=###....#.# #
...!(..#..##.# .#####
.###..#
.####.©.####...##


You could see 2 quasits and enile's ghost (swift).

Vanquished Creatures
  Grinder (D:3)
  A black bear (D:4)
  An orc wizard (D:3)
  Robin (D:3)
  3 worms
  4 dart slugs
  4 orcs (D:3)
  4 ball pythons
  5 bats
  3 endoplasms
  3 giant cockroaches
  9 goblins
  6 hobgoblins
  6 kobolds
  3 quokkas
  2 rats
56 creatures vanquished.

Vanquished Creatures (others)
  123 foxfires
123 creatures vanquished.

Grand Total: 179 creatures vanquished

Notes
Turn   | Place    | Note
-------+----------+-------------------------------------------
     0 | D:1      | kingj the Djinni Fire Elementalist began the quest for the
                  | Orb.
     0 | D:1      | Reached XP level 1. HP: 15/15 MP: 0/0
   355 | D:1      | Reached XP level 2. HP: 13/21 MP: 0/0
   737 | D:1      | Reached skill level 3 in Spellcasting
   944 | D:1      | Reached XP level 3. HP: 14/25 MP: 0/0
   944 | D:1      | Learned a level 1 spell: Shock
  1667 | D:2      | Identified the +1 leather armour of Negh {rC+}
  2605 | D:2      | Found Jifreirgh's Distillery.
  2656 | D:2      | Bought a potion of lignification for 30 gold pieces
  2656 | D:2      | Bought a potion of curing for 30 gold pieces
  2868 | D:3      | Reached XP level 4. HP: 24/31 MP: 0/0
  3250 | D:3      | Noticed Robin
  3255 | D:3      | Killed Robin
  3737 | D:3      | Noticed Grinder
  3737 | D:3      | Paralysed by Grinder for 5 turns
  3798 | D:3      | Killed Grinder
  3799 | D:3      | Reached skill level 1 in Armour
  3799 | D:3      | Reached skill level 4 in Spellcasting
  3799 | D:3      | Reached XP level 5. HP: 27/35 MP: 0/0
  3799 | D:3      | Learned a level 2 spell: Poisonous Vapours
  3799 | D:3      | Reached XP level 6. HP: 30/40 MP: 0/0
  4259 | D:4      | Found a transporter.
  4279 | D:4      | Noticed a black bear
  4289 | D:4      | Killed a black bear
  4290 | D:4      | Reached skill level 5 in Spellcasting
  4290 | D:4      | Reached XP level 7. HP: 38/45 MP: 0/0
  4290 | D:4      | Learned a level 3 spell: Spider Form
  4343 | D:4      | Found Isaxkuza's Weapon Shoppe.
  4400 | D:4      | Noticed enile's ghost (novice DjFE)
  4410 | D:4      | Found a transporter.
  4425 | D:4      | Slain by enile's ghost

Illustrated notes

Levels and vault maps discovered:
D:1:      minmay_arrival_plants_in_alcoves, layout_loops_ring, serial_bayou,
          serial_bayou_ford_a, serial_bayou_pond_a, serial_bayou_lagoon_a,
          serial_bayou_pond_d, skrybe_limestone_x
D:2:      layout_basic, serial_shops, shop
D:3:      layout_basic, nicolae_vehumet_altar_sigil, uniq_grinder, uniq_robin
D:4:      layout_basic, minitemple, serial_shops, shop, nicolae_square_shop,
          nicolae_shop_advertising_works [nicolae_subvault_shop_adworks],
          gammafunk_ghost_stat_death, minmay_cupped

Skill      XL: |  1  2  3  4  5  6 |
---------------+-------------------+-----
Spellcasting   | 3 4 5 |  5.1
Armour         | 1 |  1.7
Stealth        | 2 |  2.2
Dodging        | 3 |  3.0
Fighting       | |  0.1

Action                   |  1- 3 |  4- 6 |  7- 9 || total
-------------------------+-------+-------+-------++-------
Melee: Unarmed           |     2 |       |       ||     2
 Cast: Foxfire           |    40 |    40 |     8 ||    88
       Scorch            |    18 |    20 |       ||    38
       Conjure Flame     |       |     2 |       ||     2
  Use: Scroll            |     4 |     1 |     1 ||     6
       Potion            |       |     1 |       ||     1
Armor: Robe              |     6 |       |       ||     6
       Leather armour    |     1 |     5 |     8 ||    14
Dodge: Dodged            |    23 |    15 |    22 ||    60

Table legend: (Time is in decaauts)
 A = Elapsed time spent in this place.
 B = Non-inter-level travel time spent in this place.
 C = Inter-level travel time spent in this place.
 D = Time resting spent in this place.
 E = Time spent auto-exploring this place.
 F = Levels seen in this place.
 G = Mean time per level.
                   A        B        C        D        E       F      G
               +--------+--------+--------+--------+--------+-----+--------+
         Total |   4424 |   4372 |     52 |    771 |   3064 |   4 | 1106.0 |
       Dungeon |   4424 |   4372 |     52 |    771 |   3064 |   4 | 1106.0 |
               +--------+--------+--------+--------+--------+-----+--------+

Top non-repeatable levels by time:
     D:1: 1657 daAuts
     D:3: 1464 daAuts
     D:2: 1119 daAuts
     D:4: 182 daAuts
